 Dungeon Crawl Stone Soup version 0.23.1 (webtiles) character file.

Game seed: 14104848159356015581

123 Borgoz the Sneak (level 5, -5/40 HPs)
             Began as a Ghoul Enchanter on Mar 15, 2019.
             Slain by a gnoll
             ... wielding a +0 spear
              (6 damage)
             ... on level 3 of the Dungeon.
             The game lasted 00:06:00 (1870 turns).

Borgoz the Sneak (Ghoul Enchanter)                  Turns: 1870, Time: 00:06:00

Health: -5/40      AC:  2    Str: 12    XL:     5   Next: 7%
Magic:  7/7        EV: 12    Int: 10    God:
Gold:   129        SH:  0    Dex: 10    Spells: 2/8 levels left

rFire    . . .     SeeInvis .   l - +2 dagger (drain)
rCold    + . .     Gourm    .   (no shield)
rNeg     + + +     Faith    .   b - +0 robe
rPois    ∞         Spirit   .   (no helmet)
rElec    .         Reflect  .   (no cloak)
rCorr    .         Harm     .   (no gloves)
MR       .....                  (no boots)
Stlth    ++........             (no amulet)
HPRegen  0.00/turn              (no ring)
MPRegen  0.10/turn              (no ring)

@: rotting
A: rotting body, claws 1, carnivore, cold resistance 1, negative energy
resistance 3, inhibited regeneration, torment resistance, unbreathing
a: no special abilities


You were on level 3 of the Dungeon.
You were not hungry.

You visited 1 branch of the dungeon, and saw 3 of its levels.

You collected 129 gold pieces.

Inventory:

Hand Weapons
 l - a +2 dagger of draining (weapon)
Armour
 b - a +0 robe (worn)
Scrolls
 c - a scroll of magic mapping {unknown}
 e - a scroll of fog {unknown}
 f - a scroll of identify
 g - a scroll of enchant weapon {unknown}
 i - a scroll of teleportation {unknown}
 j - a scroll of enchant armour {unknown}
 k - a scroll of remove curse {unknown}
Potions
 h - a potion of heal wounds
Comestibles
 a - 3 chunks of flesh
 d - 6 rations


   Skills:
 - Level 1.0 Fighting
 * Level 2.1 Short Blades
 * Level 1.9 Armour
 + Level 2.2 Dodging
 + Level 3.8 Stealth
 - Level 2.1 Spellcasting
 + Level 2.7 Hexes


You had 2 spell levels left.
You knew the following spells:

 Your Spells              Type           Power        Failure   Level  Hunger
a - Corona                Hex            #......      10%         1    ##.....
b - Ensorcelled Hibernat  Hex/Ice        #.....       26%         2    ###....
c - Confuse               Hex            #.......     30%         3    ####...

Your spell library contained the following spells:

 Spells                   Type           Power        Failure   Level  Hunger
 Animate Skeleton         Necr           N/A          30%         1    ##.....
 Pain                     Necr           #...         30%         1    ##.....
 Tukima's Dance           Hex            #.......     30%         3    ####...
 Dazzling Spray           Conj/Hex       #.....       47%         3    ####...
 Regeneration             Chrm/Necr      #.........   67%         3    ####...
 Vampiric Draining        Necr           #.........   67%         3    ####...
 Animate Dead             Necr           N/A          97%         4    #####..


Dungeon Overview and Level Annotations

Branches:
Dungeon (3/15)

Altars:
Okawaru
Sif Muna
Uskayaw

Annotations:
D:3 1 runed translucent door, DungeonDestroyer's ghost, amateur GnSk


Innate Abilities, Weirdness & Mutations

Your body is rotting away.
You thrive on raw meat.
You are immune to poison.
You have sharp fingernails.
You are carnivorous and can eat meat at any time.
Your flesh is cold resistant. (rC+)
You are immune to negative energy. (rN+++)
You do not regenerate when monsters are visible.
You are immune to unholy pain and torment.
You can survive without breathing.


Message History

a throwing net; a quokka corpse You butcher the quokka corpse.
The gnoll hits you from afar with a +0 spear.
Things that are here:
a throwing net; 2 chunks of flesh; a quokka skeleton You tear a large gash into the net.
The gnoll closely misses you.
The gnoll hits you from afar with a +0 spear.
You struggle against the net.
The gnoll barely misses you. The gnoll hits you with a +0 flail!
You shred the net and break free! The gnoll barely misses you.
The gnoll hits you from afar with a +0 spear.
* * * LOW HITPOINT WARNING * * *
A bat comes into view.
The gnoll hits you with a +0 flail!
* * * LOW HITPOINT WARNING * * *
The bat hits you but does no damage. The bat hits you but does no damage.
The bat closely misses you.
The gnoll hits you from afar with a +0 spear.
You die...

#P8P#..............#
#.$W#..............#
##+##.............#
##..........(......#
#...#.......gg.....#
#.#####............# # #.#
#....gg........ # #.#
###...b........ # ##.#
#.@.........> ######..#
#............ ...#...####
.............>
##..........##.#...........
..........................
..###########............
.## #........... .##
...##....... ..


You could see DungeonDestroyer's ghost, 4 gnolls and a bat.

Vanquished Creatures
  A hound (D:1)
  3 adders
  An ooze (D:3)
  2 worms (D:2)
  A dart slug (D:1)
  A leopard gecko (D:2)
  An orc (D:2)
  3 giant cockroaches
  9 goblins
  5 hobgoblins
  5 jackals
  A quokka (D:3)
  7 bats
  3 frilled lizards (D:1)
  5 kobolds
  7 rats
55 creatures vanquished.

Notes
Turn   | Place    | Note
-------+----------+-------------------------------------------
     0 | D:1      | Borgoz the Ghoul Enchanter began the quest for the Orb.
     0 | D:1      | Reached XP level 1. HP: 14/14 MP: 2/2
    65 | D:2      | Reached skill level 1 in Short Blades
   269 | D:1      | Reached XP level 2. HP: 10/22 MP: 0/3
   570 | D:1      | Reached XP level 3. HP: 23/27 MP: 4/4
   693 | D:1      | Reached skill level 1 in Armour
  1079 | D:1      | Reached skill level 1 in Fighting
  1079 | D:1      | Reached XP level 4. HP: 30/35 MP: 6/6
  1451 | D:2      | Learned a level 2 spell: Ensorcelled Hibernation
  1455 | D:2      | Learned a level 3 spell: Confuse
  1579 | D:2      | Found a deep blue altar of Sif Muna.
  1580 | D:2      | Found a hide-covered altar of Uskayaw.
  1662 | D:2      | Found an iron altar of Okawaru.
  1779 | D:3      | Reached XP level 5. HP: 37/40 MP: 7/7
  1841 | D:3      | Noticed DungeonDestroyer's ghost (amateur GnSk)
  1842 | D:3      | Found a runed translucent door.
  1867 | D:3      | HP: 1/40 [gnoll/+0 flail (7)]
  1870 | D:3      | Slain by a gnoll

Skill      XL: |  1  2  3  4 |
---------------+-------------+-----
Short Blades   | 1 2 |  2.1
Spellcasting   | 2 |  2.1
Armour         | 1 |  1.9
Fighting       | 1 |  1.0
Dodging        | 2 |  2.2
Stealth        | |  3.8
Hexes          | |  2.7

Action                   |  1- 3 |  4- 6 || total
-------------------------+-------+-------++-------
Melee: Dagger            |   124 |    71 ||   195
 Cast: Corona            |    11 |     2 ||    13
  Use: Potion            |     4 |       ||     4
       Scroll            |       |     1 ||     1
 Stab: Sleeping          |     2 |     6 ||     8
  Eat: Chunk             |    20 |     3 ||    23
Armor: Robe              |    30 |     6 ||    36
Dodge: Dodged            |   120 |    42 ||   162
